 Dungeon Crawl Stone Soup version 0.23-a0-338-g8ff0b24 (webtiles) character file.

72 MisterFreud the Sneak (level 4, -1/19 HPs)
             Began as a Felid Artificer on Oct 18, 2018.
             Was a Follower of Ru.
             Slain by an orc
             ... wielding a +0 club
              (4 damage)
             ... on level 3 of the Dungeon.
             The game lasted 00:13:24 (6690 turns).

MisterFreud the Sneak (Felid Artificer)             Turns: 6690, Time: 00:13:25

Health: -1/19      AC:  1    Str: 14    XL:     4   Next: 6%
Magic:  7/7        EV: 18    Int: 12    God:    Ru [*.....]
Gold:   140        SH:  0    Dex: 17    Spells: 0/3 levels left
                                        Lives:  0   Deaths: 1

rFire    . . .     SeeInvis +     - Unarmed
rCold    . . .     Gourm    .   (shield unavailable)
rNeg     . . .     Faith    .   (armour unavailable)
rPois    .         Spirit   .   (helmet unavailable)
rElec    .         Reflect  .   (cloak unavailable)
rCorr    .         Harm     .   (gloves unavailable)
MR       .....                  (boots unavailable)
Stlth    ++++......             (no amulet)
HPRegen  0.06/turn              (no ring)
MPRegen  0.10/turn              (no ring)

@: mighty, no scrolls, quick
A: very small, no armour, no weapons or thrown items, stealth, claws 1, fangs 3,
see invisible, carnivore, speed 1, shaggy fur 1, slow metabolism 1, inability to
read while threatened, sharp paws
a: Renounce Religion


You were on level 3 of the Dungeon.
You worshipped Ru.
Ru was aware of your devotion.
You were not hungry.

You visited 1 branch of the dungeon, and saw 4 of its levels.

You collected 140 gold pieces.

Inventory:

Wands
 a - a wand of flame (11)
 b - a wand of enslavement (10)
 c - a wand of random effects (11)
 e - a wand of polymorph (9)
 k - a wand of iceblast (6)
Scrolls
 f - 3 scrolls of identify
 h - a scroll of remove curse
 l - a scroll of fear {unknown}
Potions
 j - 2 potions of brilliance
Comestibles
 d - 5 rations


   Skills:
 - Level 1.0 Fighting
 - Level 2.6 Dodging
 - Level 6.0 Stealth
 + Level 2.3 Unarmed Combat
 + Level 1.6 Hexes
 - Level 3.2 Evocations


You couldn't memorise any spells.
You knew the following spells:

 Your Spells              Type           Power        Failure   Level  Hunger
a - Confuse               Hex            #.......     45%         3    ####...

Your spell library contained the following spells:

 Spells                   Type           Power        Failure   Level  Hunger
 Confusing Touch          Hex            #.....       17%         1    ##.....
 Corona                   Hex            #......      17%         1    ##.....
 Gell's Gravitas          Tloc           #.........   69%         3    ####...
 Petrify                  Tmut/Erth      #.......     97%         4    #####..
 Metabolic Englaciation   Hex/Ice        #.........   100%        5    ######.
 Yara's Violent Unravell  Hex/Tmut       #.........   100%        5    ######.


Dungeon Overview and Level Annotations

Branches:
Dungeon (4/15)
 Temple: D:4-7

Altars:
Fedhas
Kikubaaqudgha
Ru
Sif Muna
Vehumet
Yredelemnul

Annotations:
D:3 Grinder


Innate Abilities, Weirdness & Mutations

You cannot wear armour.
You are incapable of wielding weapons or throwing items.
Your paws allow you to move quietly. (Stealth)
You have sharp claws.
You have razor-sharp teeth.
You have supernaturally acute eyesight. (SInv)
You are carnivorous and can eat meat at any time.
You cover ground quickly.
You are covered in fur. (AC +1)
You have a slow metabolism.
You cannot read scrolls while threatened.
Your sharp claws are effective at attacking unaware monsters.


Message History

You start resting.
HP restored.
You climb downwards.
The orc priest hits you. The orc priest misses you.
There is a stone staircase leading up here.
The orc shouts!
You scratch the orc priest but do no damage.
The orc priest hits you.
You feel threatened and lose the ability to read scrolls!
You scratch the orc priest but do no damage.
You bite the orc priest, but do no damage.
The orc priest mumbles some strange prayers to Beogh against you.
Pain shoots through your body!
* * * LOW HITPOINT WARNING * * *
The orc priest completely misses you. The orc completely misses you.
You climb upwards.
Level annotation: Grinder
There is a stone staircase leading down here.
You feel very mighty all of a sudden. The orc priest closely misses you.
The orc hits you with a +0 club.
You die...

### #.....#.........#.#
# #.#####..####.###.# #
#.#...........# #.#
#########.#...#########
#.# .........)###.# #.#
########### #.# #.# #.#
#.# #.###########.#
#..o@o.....)..#
#############.# #.# ###


You could see an orc priest and an orc.

Vanquished Creatures
  Natasha (D:4)
  2 gnolls (D:4)
  2 adders (D:3)
  3 oozes
  A worm (D:2)
  2 dart slugs (D:1)
  2 leopard geckos (D:2)
  An orc (D:4)
  9 goblins
  5 hobgoblins
  2 jackals (D:2)
  7 kobolds
  7 bats
  A frilled lizard (D:2)
  8 rats
53 creatures vanquished.

Vanquished Creatures (collateral kills)
  An orc wizard (D:4)
1 creature vanquished.

Vanquished Creatures (others)
  A jackal (D:2)
  A kobold (D:3)
2 creatures vanquished.

Grand Total: 56 creatures vanquished

Notes
Turn   | Place    | Note
-------+----------+-------------------------------------------
     0 | D:1      | MisterFreud the Felid Artificer began the quest for the
                  | Orb.
     0 | D:1      | Reached XP level 1. HP: 9/9 MP: 4/4
    14 | D:1      | Reached skill level 2 in Stealth
   202 | D:1      | Reached skill level 3 in Stealth
   292 | D:1      | Reached XP level 2. HP: 10/12 MP: 5/5
   879 | D:1      | Reached skill level 4 in Stealth
  1240 | D:2      | Reached XP level 3. HP: 15/15 MP: 6/6
  1619 | D:2      | Found a sacrificial altar of Ru.
  1633 | D:2      | Became a worshipper of Ru the Awakened
  1734 | D:2      | Found a radiant altar of Vehumet.
  1734 | D:2      | Found an ancient bone altar of Kikubaaqudgha.
  1735 | D:2      | Found a deep blue altar of Sif Muna.
  1741 | D:2      | Identified Sif Muna's Collected Works on Hexes
  2120 | D:2      | Reached skill level 5 in Stealth
  2752 | D:3      | Found a basalt altar of Yredelemnul.
  2832 | D:3      | Noticed Grinder
  2917 | D:3      | Reached XP level 4. HP: 19/19 MP: 7/7
  3317 | D:3      | Reached skill level 6 in Stealth
  3656 | D:3      | Gained mutation: You cannot read scrolls while threatened.
                  | [Ru sacrifice]
  3656 | D:3      | Reached * piety under Ru
  4238 | D:4      | Found a blossoming altar of Fedhas.
  4306 | D:4      | Noticed Natasha
  4315 | D:4      | Killed Natasha
  4481 | D:4      | Learned a level 3 spell: Confuse
  5670 | D:4      | Reached skill level 1 in Hexes
  5777 | D:4      | Reached XP level 5. HP: 10/22 MP: 8/8
  6455 | D:3      | Slain by Grinder
  6456 | D:3      | Reached XP level 4. HP: -4/19 MP: 7/7
  6690 | D:3      | Slain by an orc

Vault maps used:
D:1:      saegor_arrival_under_anarchy
D:2:      grunt_temple_overflow_magic_moments, nicolae_ru_awakened_eye
D:3:      overflow_temple_1_default, lemuel_doored_altar, uniq_ijyb,
          uniq_grinder
D:4:      xom_butterflies, kennysheep_mini_moat, fedhas_altar_3, uniq_natasha,
          uniq_pikel

Skill      XL: |  1  2  3  4 |
---------------+-------------+-----
Stealth        | 3 4 5 6 |  6.0
Unarmed Combat | 2 |  2.3
Hexes          | 1 |  1.6
Fighting       | |  1.0
Dodging        | |  2.6
Evocations     | |  3.2

Action                   |  1- 3 |  4- 6 || total
-------------------------+-------+-------++-------
Melee: Unarmed           |   146 |    94 ||   240
       Bite              |    17 |    18 ||    35
Invok: Sacrifice Words   |       |     1 ||     1
Evoke: Wand              |     4 |     9 ||    13
  Use: Scroll            |     7 |     1 ||     8
       Potion            |       |     3 ||     3
 Stab: Sleeping          |    13 |     4 ||    17
  Eat: Chunk             |    11 |     1 ||    12
Armor: Skin              |     7 |     3 ||    10
Dodge: Dodged            |   110 |    65 ||   175

Table legend:
 A = Non-vault XP
 B = Vault XP
 C = Vault XP percentage of total XP
 D = Non-vault monster count
 E = Vault monster count
 F = Vault count percentage of total count
                 A         B        C        D         E       F
            +---------+---------+-------+---------+---------+-------
      Total |     173 |      35 |  16.8 |      53 |       1 |   1.9
            +---------+---------+-------+---------+---------+-------
        D:1 |      39 |       0 |   0.0 |      19 |       0 |   0.0
        D:2 |      30 |       0 |   0.0 |      17 |       0 |   0.0
        D:3 |      54 |       0 |   0.0 |      12 |       0 |   0.0
        D:4 |      50 |      35 |  41.2 |       5 |       1 |  16.7
            +---------+---------+-------+---------+---------+-------
